 Dungeon Crawl Stone Soup version 0.30-a0-475-g03497ec522 (webtiles) character file.

Game seed: 6368529938239352462

29 cforsyth the Caller (level 3, 0/24 HPs)
             Began as a Merfolk Summoner on Dec 20, 2022.
             Slain by a gnoll
             ... wielding a +0 spear
              (4 damage)
             ... on level 2 of the Dungeon.
             The game lasted 00:03:13 (1248 turns).

cforsyth the Caller (Merfolk Summoner)              Turns: 1248, Time: 00:03:14

Health: 0/24       AC:  2    Str:  8    XL:     3   Next: 16%
Magic:  4/7        EV: 12    Int: 16    God:
Gold:   32         SH:  0    Dex: 14    Spells: 1/7 levels left

rFire   . . .      SeeInvis .    (no weapon)
rCold   . . .      Faith    .    (no shield)
rNeg    . . .      Spirit   .    a - +0 robe
rPois   .          Reflect  .    (no helmet)
rElec   .          Harm     .    (no cloak)
rCorr   .          Rampage  .    (no gloves)
Will    .....                    (no boots)
Stlth   ++........               (no amulet)
HPRegen 0.24/turn                (no ring)
MPRegen 0.10/turn                (no ring)

@: no status effects
A: (nimble swimmer 2), mertail
a: no special abilities


You were on level 2 of the Dungeon.
You visited 1 branch of the dungeon, and saw 2 of its levels.

You collected 32 gold pieces.

Inventory:

Armour
 a - a +0 robe (worn)
Scrolls
 c - 3 scrolls of identify {unknown}
 d - a scroll of enchant armour {unknown}
 e - a scroll of enchant weapon {unknown}
Potions
 b - a potion of magic
 f - 2 potions of curing {unknown}


   Skills:
 - Level 2.6 Dodging
 - Level 2.1 Stealth
 + Level 2.7 Spellcasting
 + Level 4.5 Summonings


You had one spell level left.
You knew the following spells:

 Your Spells              Type           Power      Damage    Failure   Level
a - Summon Small Mammal   Summ           64%        N/A       3%          1
b - Call Imp              Summ           16%        N/A       4%          2
c - Call Canine Familiar  Summ           16%        N/A       9%          3

Your spell library contained the following spells:

 Spells                   Type           Power      Damage    Failure   Level
 Summon Guardian Golem    Hex/Summ       9%         N/A       22%         3
 Summon Lightning Spire   Summ/Air       9%         N/A       58%         4


Dungeon Overview and Level Annotations

Branches:
Dungeon (2/15)

Altars:


Innate Abilities, Weirdness & Mutations

((You are very nimble when in or above water. (Stealth+, EV+, Speed+++)))
Your lower body shifts to a powerful aquatic tail in water.


Message History

You see here a +2 dagger of flaming.
Done exploring.
Done exploring.
Done exploring.
Done exploring.
Done exploring.
(D) Dungeon
Where to? (? - help)
There is a stone staircase leading down here.
You climb downwards.
The gnoll shouts! x2
Found 10 gold pieces.
There is a stone staircase leading up here.
There are monsters nearby!
Casting: Call Canine Familiar (quite dangerous; 9% risk of failure)
Confirm with . or Enter, or press ? or * to list all spells.
The spell is quite dangerous to miscast (9% risk of failure)!
Continue anyway? [Y]es or [N]o only, please.
The spell is quite dangerous to miscast (9% risk of failure)!
Continue anyway?
A gnoll comes into view. It is wielding a +0 spear.
A rat comes into view.
Your hound barely misses the gnoll.
The gnoll attacks as you move away! The gnoll hits you with a +0 whip.
Your hound bites the gnoll but does no damage.
Your hound barely misses the gnoll.
You barely miss the gnoll.
Your hound bites the gnoll.
The gnoll closely misses you.
You hit the gnoll.
The gnoll is lightly wounded.
Your hound bites the gnoll. x2; The gnoll hits you with a +0 whip.
You hit the gnoll.
The gnoll is almost dead.
Your hound barely misses the gnoll.
The gnoll hits you with a +0 club!
The gnoll hits you from afar with a +0 spear!
* * * LOW HITPOINT WARNING * * *
Your hound bites the gnoll but does no damage.
A gnoll comes into view. It is wielding a +0 halberd.
Your hound bites the gnoll.
The gnoll closely misses your hound. The gnoll hits you with a +0 spear.
You die...

. .. .. . g ...
. .8 .... .#..
.....######$...
#.##...ggh.#
.........g#
...#####@## #.#
#.. ##.. #..
... .... ....


You could see 4 gnolls and a friendly hound (summoned).

Vanquished Creatures
  A kobold (D:1)
  A rat (D:1)
2 creatures vanquished.

Vanquished Creatures (collateral kills)
  5 endoplasms (D:1)
  A giant cockroach (D:1)
  2 goblins (D:1)
  3 hobgoblins (D:1)
  4 jackals (D:1)
  A ball python (D:1)
  3 bats (D:1)
  2 frilled lizards (D:1)
  2 kobolds (D:1)
  A rat (D:1)
24 creatures vanquished.

Grand Total: 26 creatures vanquished

Notes
Turn   | Place    | Note
-------+----------+-------------------------------------------
     0 | D:1      | cforsyth the Merfolk Summoner began the quest for the Orb.
     0 | D:1      | Reached XP level 1. HP: 13/13 MP: 3/3
   180 | D:1      | Reached XP level 2. HP: 19/19 MP: 1/5
   333 | D:1      | Learned a level 2 spell: Call Imp
   596 | D:1      | Reached XP level 3. HP: 23/24 MP: 1/6
   600 | D:1      | Learned a level 3 spell: Call Canine Familiar
  1248 | D:2      | Slain by a gnoll

Illustrated notes

Levels and vault maps discovered:
D:1:      lightli_arrival_lavapool, layout_loops_ring, serial_park_tiny_2,
          minmay_misc_feat_square
D:2:      layout_rooms, shapermc_ecumenical_altar_pompeii, uniq_sigmund

Action                   || total
-------------------------++-------
Melee: Unarmed           ||    39
 Cast: Summon Small Mamm ||    30
       Call Imp          ||     3
       Call Canine Famil ||     5
 Stab: Sleeping          ||     1
Armor: Robe              ||    28
Dodge: Dodged            ||    77

Table legend: (Time is in decaauts)
 A = Elapsed time spent in this place.
 B = Non-inter-level travel time spent in this place.
 C = Inter-level travel time spent in this place.
 D = Time resting spent in this place.
 E = Time spent auto-exploring this place.
 F = Levels seen in this place.
 G = Mean time per level.
                   A        B        C        D        E       F      G
               +--------+--------+--------+--------+--------+-----+--------+
         Total |   1247 |   1241 |      6 |      0 |    833 |   2 |  623.5 |
       Dungeon |   1247 |   1241 |      6 |      0 |    833 |   2 |  623.5 |
               +--------+--------+--------+--------+--------+-----+--------+

Top non-repeatable levels by time:
     D:1: 1239 daAuts
     D:2: 8 daAuts
